 Dungeon Crawl Stone Soup version 0.20-b1-24-gb21faa7 (webtiles) character file.

265 Gorglomux the Skirmisher (level 5, -2/53 HPs)
             Began as a Troll Fighter on May 25, 2017.
             Slain by a two-headed ogre
             ... wielding a +0 giant spiked club
              (29 damage)
             ... on level 3 of the Dungeon.
             The game lasted 00:02:18 (2623 turns).

Gorglomux the Skirmisher (Troll Fighter)            Turns: 2623, Time: 00:02:18

Health: -2/53      AC:  5    Str: 24    XL:     5   Next: 99%
Magic:  4/4        EV:  9    Int:  4    God:
Gold:   226        SH:  9    Dex: 10    Spells: 4/4 levels left

rFire    . . .     SeeInvis .     - Unarmed
rCold    . . .     Gourm    +   b - +0 shield
rNeg     . . .     Faith    .   a - +0 robe
rPois    .         Spirit   .   (helmet restricted)
rElec    .         Reflect  .   (no cloak)
rCorr    .         Harm     .   (gloves unavailable)
MR       .....                  (boots unavailable)
Stlth    +.........             (no amulet)
Regen    0.6/turn               (no ring)
MPRegen  0.1/turn               (no ring)

@: no status effects
A: unfitting armour, claws 3, fast metabolism 3, gourmand, regeneration 1,
shaggy fur 1, tough skin 2
a: no special abilities


You were on level 3 of the Dungeon.
You were very full.

You visited 1 branch of the dungeon, and saw 4 of its levels.

You collected 226 gold pieces.

Inventory:

Armour
 a - a +0 robe (worn)
 b - a +0 shield (worn)
Jewellery
 C - an uncursed ring of stealth {unknown}
 G - a +3 ring of protection {unknown}
Wands
 D - a wand of digging (7/24)
Scrolls
 e - 2 scrolls of fear {unknown}
 h - 5 scrolls of identify {unknown}
 F - a scroll of magic mapping {unknown}
 J - a scroll of blinking {unknown}
 K - 4 scrolls of remove curse {unknown}
 L - a scroll of enchant weapon {unknown}
 N - 2 scrolls of recharging {unknown}
Potions
 c - a potion of might
 f - a potion of mutation {unknown}
 i - a potion of resistance {unknown}
 A - 2 potions of magic {unknown}
 H - a potion of curing {unknown}
Comestibles
 d - 4 bread rations
 z - 2 meat rations
 M - 2 chunks of flesh


   Skills:
 + Level 3.6 Fighting
 + Level 3.3 Dodging
 + Level 3.4 Shields
 + Level 3.4 Unarmed Combat


You had 4 spell levels left.
You didn't know any spells.

Dungeon Overview and Level Annotations

Branches:
Dungeon (4/15)
 Temple: D:4-7

Altars:
Fedhas
Qazlal
Ru
Trog
Vehumet


Innate Abilities, Weirdness & Mutations

You are too large for most types of armour.
You have claws for hands.
Your metabolism is lightning-fast.
You like to eat raw meat.
Your natural rate of healing is unusually fast.
You are covered in fur. (AC +1)
You have very tough skin. (AC +2)


Message History

The two-headed ogre completely misses you.
Some of the chunks of flesh in your inventory have rotted away.
You see here a war axe.
There is a stone staircase leading up here.
The two-headed ogre barely misses you.
The two-headed ogre hits you with a dire flail!
You climb upwards.
There is a stone staircase leading down here.
You barely miss the two-headed ogre.
The two-headed ogre is moderately wounded.
The two-headed ogre completely misses you.
You block the two-headed ogre's attack.
Evoke which item? (* to show all) (? for menu, Esc to quit)
Okay, then.
Okay, then.
You barely miss the two-headed ogre.
The two-headed ogre is moderately wounded.
The two-headed ogre hits you with a giant spiked club!!
Ouch! That really hurt!
You die...

#.######.#.########### #.#
#.#.# #.######.#.#
#........#.#
##########.######
#......<.# #.#.####.#
#######.#.####.#
#>..O@......##.#######
#####.#####.#.#.##.##.....
#.....# #.....##.##.####
#.##### #........##.....
#.# ##.............. #.#
##.#######[##.# #.# #.#
#...## #.# #.# #.#.#
#.#### ##'## #.#.##


You could see a two-headed ogre.

Vanquished Creatures
  A phantom (D:3)
  Ijyb (D:4)
  Robin (D:2)
  4 adders
  A worm (D:3)
  2 leopard geckos
  12 orcs
  3 giant cockroaches (D:2)
  17 goblins
  3 hobgoblins
  8 jackals
  9 kobolds
  A quokka (D:4)
  6 bats
  3 frilled lizards
  8 rats
  A fungus (D:2)
81 creatures vanquished.

Vanquished Creatures (others)
  A fungus (D:2)
1 creature vanquished.

Grand Total: 82 creatures vanquished

Notes
Turn   | Place    | Note
-------+----------+-------------------------------------------
     0 | D:1      | Gorglomux the Troll Fighter began the quest for the Orb.
     0 | D:1      | Reached XP level 1. HP: 22/22 MP: 0/0
   236 | D:1      | Reached XP level 2. HP: 16/29 MP: 1/1
   764 | D:2      | Noticed Robin
   770 | D:2      | Killed Robin
   770 | D:2      | Reached XP level 3. HP: 36/36 MP: 2/2
   899 | D:2      | Found a stormy altar of Qazlal.
  1003 | D:2      | Reached skill level 3 in Fighting
  1017 | D:2      | Found a blossoming altar of Fedhas.
  1034 | D:2      | Reached XP level 4. HP: 45/45 MP: 3/3
  1198 | D:2      | Found a sacrificial altar of Ru.
  1562 | D:3      | Reached skill level 3 in Shields
  1592 | D:3      | Found a bloodstained altar of Trog.
  1592 | D:3      | Found a radiant altar of Vehumet.
  1751 | D:3      | Reached skill level 3 in Unarmed Combat
  1894 | D:3      | Reached skill level 3 in Dodging
  2036 | D:3      | Noticed a phantom
  2055 | D:3      | Killed a phantom
  2055 | D:3      | Reached XP level 5. HP: 45/53 MP: 4/4
  2277 | D:4      | Noticed Ijyb
  2297 | D:4      | Killed Ijyb
  2558 | D:4      | Noticed a two-headed ogre
  2563 | D:4      | Noticed a phantom
  2623 | D:3      | Slain by a two-headed ogre

Skill      XL: |  1  2  3  4 |
---------------+-------------+-----
Fighting       | 3 |  3.6
Shields        | 3 |  3.4
Unarmed Combat | 3 |  3.4
Dodging        | 3 |  3.3

Action                   |  1- 3 |  4- 6 || total
-------------------------+-------+-------++-------
Melee: Unarmed           |   116 |   121 ||   237
  Eat: Chunk             |    15 |    14 ||    29
Armor: Robe              |    36 |    22 ||    58
Dodge: Dodged            |    29 |    44 ||    73
Block: Shield            |    50 |    43 ||    93
